 Dungeon Crawl Stone Soup version 0.27-a0-760-gc38aae387d (webtiles) character file.

Game seed: 14594093551392085722

8 polve the Skirmisher (level 2, 0/24 HPs)
             Began as a Demonspawn Abyssal Knight on Mar 24, 2021.
             Was a Follower of Lugonu.
             Slain by a jackal (2 damage)
             ... on level 1 of the Dungeon.
             The game lasted 00:00:30 (745 turns).

polve the Skirmisher (Demonspawn Abyssal Knight)     Turns: 745, Time: 00:00:31

Health: 0/24       AC:  3    Str: 12    XL:     2   Next: 0%
Magic:  3/3        EV: 11    Int: 13    God:    Lugonu [*.....]
Gold:   15         SH:  0    Dex: 12    Spells: 1/1 levels left

rFire    . . .     SeeInvis .   (no weapon)
rCold    . . .     Faith    .   (no shield)
rNeg     . . .     Spirit   .   b - +0 leather armour
rPois    .         Reflect  .   (no helmet)
rElec    .         Harm     .   (no cloak)
rCorr    .         Rampage  .   (no gloves)
Will     .....                  (no boots)
Stlth    +.........             (no amulet)
HPRegen  0.08/turn              (no ring)
MPRegen  0.08/turn              (no ring)

@: no status effects
A: claws 1
a: Renounce Religion, Depart the Abyss


You were on level 1 of the Dungeon.
You worshipped Lugonu.
Lugonu was aware of your devotion.
You visited 1 branch of the dungeon, and saw 1 of its levels.
You visited the Abyss 1 time.

You collected 15 gold pieces.

Inventory:

Hand Weapons
 a - a +1 falchion
Armour
 b - a +0 leather armour (worn)


   Skills:
 - Level 3.0 Fighting
 + Level 2.5 Long Blades
 - Level 1.7 Armour
 - Level 0.8 Dodging
 - Level 2.4 Invocations


You had one spell level left.
You didn't know any spells.
Your spell library was empty.

Dungeon Overview and Level Annotations

Branches:
Dungeon (1/15)

Altars:


Innate Abilities, Weirdness & Mutations

You have sharp fingernails.


Message History

The jackal closely misses you.
The jackal bites you but does no damage.
The rat barely misses you. The jackal closely misses you.
The rat barely misses you. The jackal closely misses you.
The rat closely misses you. The jackal bites you.
The jackal bites you but does no damage.
The rat bites you but does no damage. The jackal barely misses you.
The rat completely misses you. The jackal barely misses you.
The jackal misses you. The rat bites you. The jackal barely misses you.
The rat barely misses you. The jackal bites you.
The rat bites you but does no damage. The jackal bites you.
The jackal barely misses you. The rat barely misses you. The jackal misses you.
The rat bites you. The jackal closely misses you.
The jackal bites you but does no damage.
The rat misses you.
The jackal bites you but does no damage.
The rat misses you. The jackal closely misses you. The rat misses you.
The jackal barely misses you. The jackal bites you.
* * * LOW HITPOINT WARNING * * *
The rat bites you.
* * * LOW HITPOINT WARNING * * *
The jackal barely misses you. The rat barely misses you.
The jackal closely misses you.
The jackal bites you but does no damage.
The rat barely misses you. The jackal bites you.
* * * LOW HITPOINT WARNING * * *
The rat barely misses you. The jackal misses you. The rat closely misses you.
The jackal barely misses you. The jackal closely misses you.
The rat barely misses you. The jackal misses you. The rat bites you.
* * * LOW HITPOINT WARNING * * *
The jackal bites you.
You die...

#.. ...... #.###
###.... #.#.. ..#...
#.#.# #.#..## #.#.#
#.#†..#
#.#.#####.#...######.#.
.....................r.
#.#.#####.#.....r###
....#####.#..###@#
#.#....##.#..# #h#
..+....+..#..# #..
###....####..# ....
.............# ##...
#.##########.. ....
#.##########. #####
..........# ..........#


You could see a jackal and a rat.

Vanquished Creatures
  A giant cockroach (D:1)
  A goblin (D:1)
  A hobgoblin (D:1)
  A jackal (D:1)
  A kobold (D:1)
  A frilled lizard (D:1)
  A rat (D:1)
7 creatures vanquished.

Notes
Turn   | Place    | Note
-------+----------+-------------------------------------------
     0 | Abyss:1  | polve the Demonspawn Abyssal Knight began the quest for the
                  | Orb.
     0 | Abyss:1  | Reached XP level 1. HP: 18/18 MP: 2/2
    70 | Abyss:1  | Found a corrupted altar of Lugonu.
   116 | Abyss:1  | Found a corrupted altar of Lugonu.
   238 | Abyss:1  | Noticed a mana viper
   251 | D:1      | Escaped the Abyss
   466 | D:1      | Reached * piety under Lugonu
   717 | D:1      | Gained mutation: You have sharp fingernails. [demonic
                  | ancestry]
   717 | D:1      | Reached XP level 2. HP: 24/24 MP: 3/3
   745 | D:1      | Slain by a jackal

Illustrated notes

Levels and vault maps discovered:
D:1:      lemuel_arrival_room, layout_basic

Skill      XL: |  1 |
---------------+----+-----
Long Blades    | 2 |  2.5
Fighting       | |  3.0
Armour         | |  1.7
Dodging        | |  0.8
Invocations    | |  2.4

Action                   || total
-------------------------++-------
Melee: Falchion          ||    17
Invok: Depart the Abyss  ||     1
  Use: Potion            ||     2
Armor: Leather armour    ||    15
Dodge: Dodged            ||    50
       Rpst.: Falchion   ||     5

Table legend: (Time is in decaauts)
 A = Elapsed time spent in this place.
 B = Non-inter-level travel time spent in this place.
 C = Inter-level travel time spent in this place.
 D = Time resting spent in this place.
 E = Time spent auto-exploring this place.
 F = Levels seen in this place.
 G = Mean time per level.
                   A        B        C        D        E       F      G
               +--------+--------+--------+--------+--------+-----+--------+
         Total |    747 |    747 |      0 |      0 |    662 |   2 |  373.5 |
       Dungeon |    496 |    496 |      0 |      0 |    424 |   1 |  496.0 |
         Abyss |    251 |    251 |      0 |      0 |    238 |   1 |  251.0 |
               +--------+--------+--------+--------+--------+-----+--------+

Top non-repeatable levels by time:
     D:1: 496 daAuts
 Abyss:1: 251 daAuts
